 Dungeon Crawl Stone Soup version 0.17.2 (webtiles) character file.

140 Goblin1989 the Poker (level 5, -1/38 HPs)
             Began as a Demonspawn Gladiator on June 29, 2016.
             Was a Believer of Cheibriados.
             Slain by Grinder (5 damage)
             ... on level 3 of the Dungeon.
             The game lasted 00:05:55 (2581 turns).

Goblin1989 the Poker (Demonspawn Gladiator)         Turns: 2581, Time: 00:05:55

Health: -1/38      AC:  6    Str: 17 (21) XL:     5   Next: 2%
Magic:  5/5        EV: 12    Int: 14      God:    Cheibriados [**....]
Gold:   163        SH:  0    Dex: 19      Spells: 0 memorised, 4 levels left

rFire  + . .     SeeInvis .     a - +0 trident
rCold  + . .     Clarity  .     l - +0 ring mail
rNeg   . . .     SustAt   .     (no shield)
rPois  +         Gourm    .     (helmet restricted)
rElec  +         Spirit   .     (no cloak)
rCorr  +         Warding  .     (no gloves)
rMut   .         Stasis   .     (no boots)
MR     .....                    (no amulet)
Stlth  +.........               (no ring)
                                (no ring)

@: lethally poisoned (-1 -> -5), resistant, very slow, not resistant to hostile
enchantments, very unstealthy
A: antennae 1, molten scales 1, demonic guardian 2
a: Bend Time, Renounce Religion


You were on level 3 of the Dungeon.
You worshipped Cheibriados.
Cheibriados was pleased with you.
You were not hungry.

You visited 1 branch of the dungeon, and saw 3 of its levels.

You collected 163 gold pieces.

Inventory:

Hand Weapons
 a - a +0 trident (weapon)
 r - a +0 blowgun
Missiles
 d - 3 throwing nets {=f, !d}
Armour
 l - a +0 ring mail (worn)
Scrolls
 b - a scroll of enchant armour {unknown}
 c - 4 scrolls of identify {unknown}
 f - 2 scrolls of teleportation {unknown}
 g - a scroll of recharging
 h - a scroll of blinking {unknown}
 i - 5 scrolls of remove curse
 m - a scroll of enchant weapon {unknown}
 q - 2 scrolls of noise {unknown}
Potions
 j - 4 potions of curing
 s - a potion of heal wounds
Comestibles
 e - 3 bread rations
 p - a meat ration


   Skills:
 - Level 2.0 Fighting
 + Level 5.2 Polearms
 - Level 1.7 Throwing
 - Level 2.6 Dodging


You had 4 spell levels left.
You didn't know any spells.

Dungeon Overview and Level Annotations

Branches:
Dungeon (3/15)

Altars:
Cheibriados
The Shining One

Annotations:
D:3 Grinder


Innate Abilities, Weirdness & Mutations

You have a pair of small antennae on your head.
You are partially covered in molten scales (AC +1).
A demonic guardian rushes to your aid.


Message History

You feel sick.
Your soul eater misses Grinder.
Grinder gestures.
Grinder blinks!
Grinder hits you but does no damage.
You can move again.
You take 1 damage, and have 8/38 hp.
What do you say? t - Shout!
Orders for allies: a - Attack new target. r - Retreat! s - Stop attacking. w - Wait here. f - Follow me.
Anything else - Stay silent.
Gang up on whom?
Aim: Grinder (severely wounded) Attack!
Grinder hits you but does no damage.
You barely miss Grinder.
You feel sick.
Your soul eater closely misses Grinder.
Grinder hits you.
* * * LOW HITPOINT WARNING * * *
You writhe in agony.
You die...

....).........##....#..
#..<..........###..#...#
#...............##...#.#
.##..)###.....#.##..[...
.##)...#.....##........#
...###...#####......#..#
................3.......
#..........###.5....#
...###...#.# ##.@.###
.#..###....###..#..#
.(#.#####........#.#
.....# #......##.....
.....####....## ##..#.
...#......#### #.# #
...#.....## ..
..........# #.
..#.......#


You could see Grinder and a friendly soul eater.

Vanquished Creatures
  6 adders
  2 gnolls (D:3)
  An ooze (D:2)
  2 giant geckos (D:1)
  2 orcs (D:3)
  A ball python (D:2)
  5 bats
  A giant cockroach (D:1)
  7 hobgoblins
  4 jackals (D:1)
  2 kobolds (D:1)
  2 quokkas (D:3)
  5 giant newts
  4 goblins
  9 rats
53 creatures vanquished.

Vanquished Creatures (collateral kills)
  A gnoll (D:3)
  An orc (D:3)
  2 rats (D:3)
4 creatures vanquished.

Grand Total: 57 creatures vanquished

Notes
Turn   | Place    | Note
--------------------------------------------------------------
     0 | D:1      | Goblin1989 the Demonspawn Gladiator began the quest for the Orb.
     0 | D:1      | Reached XP level 1. HP: 16/16 MP: 1/1
    59 | D:1      | Reached skill level 3 in Polearms
   204 | D:1      | Gained mutation: You are partially covered in molten scales (AC +1). [demonic ancestry]
   204 | D:1      | Reached XP level 2. HP: 22/22 MP: 2/2
   913 | D:2      | Found a faded altar to an unknown god.
   922 | D:2      | Became a worshipper of Cheibriados the Contemplative
   922 | D:2      | Reached * piety under Cheibriados
   936 | D:2      | Gained mutation: A weak demonic guardian rushes to your aid. [demonic ancestry]
   936 | D:2      | Reached XP level 3. HP: 27/27 MP: 3/3
   948 | D:2      | Reached skill level 4 in Polearms
  1126 | D:2      | Found a glowing golden altar of the Shining One.
  1533 | D:2      | Reached ** piety under Cheibriados
  1533 | D:2      | Gained mutation: You have a pair of small antennae on your head. [demonic ancestry]
  1533 | D:2      | Reached XP level 4. HP: 24/33 MP: 4/4
  2108 | D:3      | Reached skill level 5 in Polearms
  2379 | D:3      | Found a snail-covered altar of Cheibriados.
  2561 | D:3      | Noticed Grinder
  2563 | D:3      | Gained mutation: A demonic guardian rushes to your aid. [demonic ancestry]
  2563 | D:3      | Reached XP level 5. HP: 38/38 MP: 5/5
  2567 | D:3      | Paralysed by Grinder for 2 turns
  2575 | D:3      | Paralysed by Grinder for 5 turns
  2581 | D:3      | Slain by Grinder

Action                   |  1- 3 |  4- 6 || total
-------------------------+-------+-------++-------
Melee: Trident           |   120 |    58 ||   178
  Use: Potion            |       |     5 ||     5
       Scroll            |       |     2 ||     2
 Stab: Sleeping          |       |     1 ||     1
  Eat: Chunk             |       |     2 ||     2
